 Dungeon Crawl Stone Soup version 0.27-a0-808-g60bc5d92e6 (webtiles) character file.

Game seed: 9957188197706954503

8779 porpoise the Destroyer (level 11, -4/63 HPs)
             Began as a Deep Elf Conjurer on Mar 28, 2021.
             Was a Believer of Vehumet.
             Slain by a komodo dragon (21 damage)
             ... on level 1 of the Lair of Beasts.
             The game lasted 01:02:30 (12533 turns).

porpoise the Destroyer (Deep Elf Conjurer)         Turns: 12533, Time: 01:02:33

Health: -4/63      AC: 12    Str:  5    XL:     11   Next: 14%
Magic:  1/20       EV: 15    Int: 26    God:    Vehumet [**....]
Gold:   1302       SH:  0    Dex: 13    Spells: 4/20 levels left

rFire    . . .     SeeInvis .   a - staff of conjuration
rCold    + . .     Faith    .   (no shield)
rNeg     . . .     Spirit   .   o - +2 robe {rC+}
rPois    +         Reflect  .   L - +1 hat {Stlth+}
rElec    .         Harm     .   M - +0 cloak
rCorr    .         Rampage  .   z - +1 pair of gloves
Will     +....                  (no boots)
Stlth    ++++......             (no amulet)
HPRegen  0.20/turn              B - ring of poison resistance
MPRegen  0.17/turn              C - +4 ring of protection

@: about to teleport
A: claws 1, sturdy frame 1
a: Renounce Religion


You were on level 1 of the Lair of Beasts.
You worshipped Vehumet.
Vehumet was pleased with you.
You visited 3 branches of the dungeon, and saw 11 of its levels.

You collected 1711 gold pieces.
You spent 409 gold pieces at shops.

Inventory:

Hand Weapons
 b - a +0 hunting sling
 l - the +1 whip of Cogylil {flame, Fragile rElec Int+3 Dex+2}
   (You bought it in a shop on level 9 of the Dungeon)

   It has been specially enchanted to burn those struck by it, causing extra
   injury to most foes and up to half again as much damage against particularly
   susceptible opponents.
   It affects your intelligence (+3).
   It affects your dexterity (+2).
   It insulates you from electricity.
   It will be destroyed if unequipped.
 w - a +2 dagger of protection
 A - a +2 dagger of venom
 W - a +1 flail of holy wrath
Missiles
 i - 202 stones
 n - 37 poisoned darts (quivered)
 s - 77 sling bullets
 u - 6 atropa-tipped darts
 y - 9 boomerangs
 P - a curare-tipped dart
Armour
 o - a +2 robe of cold resistance (worn)
 z - a +1 pair of gloves (worn)
 L - a +1 hat of stealth (worn)
 M - a +0 cloak (worn)
Magical Staves
 a - a staff of conjuration (weapon)
Jewellery
 B - a ring of poison resistance (left hand)
 C - a +4 ring of protection (right hand)
 J - a ring of protection from cold
Wands
 k - a wand of mindburst (5)
 m - a wand of random effects (20)
 F - a wand of iceblast (3)
 H - a wand of digging (3)
 K - a wand of polymorph (8)
Scrolls
 e - a scroll of blinking {unknown}
 g - 4 scrolls of magic mapping
 j - a scroll of teleportation
 p - a scroll of amnesia {unknown}
 q - a scroll of noise
 r - a scroll of vulnerability {unknown}
 v - a scroll of enchant weapon {unknown}
 x - a scroll of summoning {unknown}
 E - a scroll of fog
 G - a scroll of enchant armour
 I - a scroll of silence {unknown}
 N - a scroll of fear {unknown}
Potions
 c - 2 potions of brilliance
 d - 2 potions of attraction
 f - a potion of resistance
 t - 3 potions of lignification
 D - 3 potions of curing
 O - a potion of haste {unknown}


   Skills:
 - Level 5.0 Fighting
 + Level 1.9 Armour
 - Level 7.0 Dodging
 - Level 7.0 Stealth
 - Level 5.0 Spellcasting
 - Level 9.0 Conjurations
 - Level 7.0 Hexes
 - Level 7.0 Translocations
 - Level 5.1 Air Magic
 - Level 5.0 Poison Magic
 - Level 5.0 Evocations


You had 4 spell levels left.
You knew the following spells:

 Your Spells              Type           Power      Damage    Failure   Level
a - Magic Dart            Conj           100%       1d8       1%          1
b - Searing Ray           Conj           100%       3d7       1%          2
c - Fulminant Prism       Conj/Hex       32%        3d16      2%          4
d - Iskenderun's Mystic   Conj/Tloc      64%        2d13      2%          4
k - Blink                 Tloc           N/A        N/A       1%          2
m - Mephitic Cloud        Conj/Pois/Air  56%        N/A       1%          3

Your spell library contained the following spells:

 Spells                   Type           Power      Damage    Failure   Level
 Static Discharge         Conj/Air       59%        N/A       1%          3
 Apportation              Tloc           84%        N/A       1%          1
 Corona                   Hex            46%        N/A       1%          1
 Slow                     Hex            42%        N/A       1%          2
 Dazzling Flash           Conj/Hex       100%       N/A       1%          3
 Conjure Flame            Conj/Fire      44%        6-21      3%          3
 Stone Arrow              Conj/Erth      88%        3d12      3%          3
 Animate Skeleton         Necr           12%        N/A       8%          1
 Sandblast                Erth           12%        2d6       8%          1
 Summon Small Mammal      Summ           24%        N/A       8%          1
 Call Imp                 Summ           6%         N/A       12%         2
 Passwall                 Tmut/Erth      5%         N/A       12%         2
 Petrify                  Tmut/Erth      6%         N/A       58%         4
 Lee's Rapid Deconstruct  Erth           3%         3d6*      91%         5


Dungeon Overview and Level Annotations

Branches:
Dungeon (9/15)             Temple (1/1) D:4            Lair (1/6) D:9
    Orc: D:9-12

Altars:
Ashenzari
Cheibriados
Dithmenos
Elyvilon
Fedhas
Gozag
Hepliaklqana
Kikubaaqudgha
Makhleb
Nemelex Xobeh
Okawaru
Qazlal
Ru
Sif Muna
Trog
Uskayaw
Vehumet
Wu Jian
Xom
Yredelemnul
Zin
The Shining One

Shops:
D:1 ![(   D:3 ?[   D:9 (

Annotations:
D:7 exclusion: downstairs
Lair:1 Fannar


Innate Abilities, Weirdness & Mutations

You have sharp fingernails.
Your movements are slightly less encumbered by armour. (ER -2)


Message History

Fannar freezes you. The ice beast closely misses you.
Your fulminant prism explodes!
The blast of energy engulfs the komodo dragon!
The komodo dragon is moderately wounded.
The blast of energy engulfs the ice beast!
The ice beast is heavily wounded.
The blast of energy engulfs Fannar!
Fannar is almost dead.
The blast of energy engulfs the ice beast!!
You kill the ice beast!
Aiming: Mindburst
Press: ? - help, Shift-Dir - straight line, f - Fannar, p - komodo dragon
Aim: Fannar, wielding a +0 quarterstaff of freezing, wearing a +2 robe of cold resistance and wearing a ring of ice (almost dead, covered in an icy film, chance to affect: 34%) Fannar easily resists.
Fannar barely misses you. The ice beast barely misses you.
As you read the scroll of teleportation, it crumbles to dust.
You feel strangely unstable.
Fannar hits you with a +0 quarterstaff of freezing.
The komodo dragon completely misses you.
The ice beast hits you. The ice beast freezes you! You resist.
Aiming: Random Effects
Press: ? - help, Shift-Dir - straight line, f/p - Fannar
Aim: Fannar, wielding a +0 quarterstaff of freezing, wearing a +2 robe of cold resistance and wearing a ring of ice (almost dead, covered in an icy film) Fannar is outlined in light.
Fannar mumbles some strange words.
Fannar blinks!
The komodo dragon misses you. The ice beast closely misses you.
Aiming: Random Effects
Press: ? - help, Shift-Dir - straight line, f/p - Fannar
Aim: Fannar, wielding a +0 quarterstaff of freezing, wearing a +2 robe of cold resistance and wearing a ring of ice (almost dead, covered in an icy film, softly glowing)
The komodo dragon flickers and vanishes!
Deactivating autopickup; reactivate with Ctrl-A.
Fannar gestures at you while chanting. The bolt of cold hits you! You resist.
Something bites you.
* * * LOW HITPOINT WARNING * * *
The ice beast closely misses you.
Aiming: Random Effects
Press: ? - help, Shift-Dir - straight line, f/p - Fannar
Aim: Fannar, wielding a +0 quarterstaff of freezing, wearing a +2 robe of cold resistance and wearing a ring of ice (almost dead, covered in an icy film, softly glowing) Nothing appears to happen.
Something bites you!!
You die...

## #. ##.... #..
##.... ....
##.... #....
##....## #.....
#..e.#.###.#....
#.....#.e....#
#Y.{####....##
#.@.# #....##
##...####†.##
#....##....##
##....##....#
#...###...##
#...###...#
#...##....#
#...#.....#
##.........#


You could see Fannar (icy armour, corona) and an ice beast (summoned).

Vanquished Creatures
  Gastronok (D:8)
  3 death yaks (D:9)
  A komodo dragon (Lair:1)
  Grinder (D:3)
  Prince Ribbit (D:8)
  6 yaks (D:8)
  A wraith (D:9)
  Grum (D:8)
  2 steam dragons
  3 water moccasins
  3 orc warriors (D:9)
  A hornet zombie (D:9)
  An ice beast (D:7)
  A black bear (D:2)
  An ogre (D:6)
  5 centaurs
  A phantom (D:6)
  3 wolves (D:8)
  A kobold brigand (D:9)
  2 bullfrogs
  4 scorpions
  A water moccasin skeleton (D:4)
  3 killer bees (D:8)
  2 wights (D:9)
  2 howler monkeys (D:9)
  3 jellies
  2 bullfrog zombies (D:5)
  2 centaur zombies
  An orc priest (D:9)
  2 hounds (D:5)
  A bullfrog skeleton (D:5)
  A centaur skeleton (D:5)
  Natasha (thrice) (D:3)
  2 hell rats (D:9)
  3 orc wizards
  Ijyb (D:3)
  An iguana (D:4)
  2 killer bee zombies
  A hound zombie (D:4)
  Robin (D:3)
  A howler monkey skeleton (D:7)
  14 adders
  2 river rats (D:9)
  A shadow imp (D:7)
  2 white imps (D:2)
  3 worms
  3 dart slugs
  17 orcs
  9 endoplasms
  3 giant cockroaches (D:4)
  12 goblins
  12 hobgoblins
  3 jackals (D:5)
  7 kobolds
  3 quokkas
  7 ball pythons
  8 bats
  2 frilled lizards
  4 rats
190 creatures vanquished.

Vanquished Creatures (others)
  41 fulminant prisms
  A fungus (Lair:1)
  2 plants (Lair:1)
44 creatures vanquished.

Grand Total: 234 creatures vanquished

Notes
Turn   | Place    | Note
-------+----------+-------------------------------------------
     0 | D:1      | porpoise the Deep Elf Conjurer began the quest for the Orb.
     0 | D:1      | Reached XP level 1. HP: 10/10 MP: 6/6
   271 | D:1      | Reached XP level 2. HP: 15/15 MP: 1/8
   334 | D:1      | Learned a level 2 spell: Searing Ray
   524 | D:1      | Found Sataop's Armour Boutique.
   674 | D:1      | Found Ymaptiud's Distillery.
  1113 | D:1      | Found Eqonit's Weapon Shoppe.
  1197 | D:2      | Reached skill level 5 in Conjurations
  1197 | D:2      | Reached XP level 3. HP: 19/19 MP: 5/10
  1639 | D:2      | Reached XP level 4. HP: 24/24 MP: 5/12
  1891 | D:2      | Reached skill level 5 in Spellcasting
  1896 | D:2      | Learned a level 4 spell: Fulminant Prism
  1901 | D:2      | Learned a level 4 spell: Iskenderun's Mystic Blast
  1975 | D:2      | Noticed a black bear
  1982 | D:2      | Killed a black bear
  1983 | D:2      | Reached skill level 1 in Fighting
  1983 | D:2      | Reached skill level 6 in Conjurations
  1983 | D:2      | Reached XP level 5. HP: 27/29 MP: 6/14
  2563 | D:3      | Noticed Grinder
  2622 | D:3      | Noticed Robin
  2626 | D:3      | Killed Grinder
  2627 | D:3      | Reached skill level 7 in Conjurations
  2627 | D:3      | Reached XP level 6. HP: 31/36 MP: 7/15
  2627 | D:3      | Killed Robin
  2744 | D:3      | Found Mej Umna's Magic Scroll Boutique.
  2923 | D:3      | Reached skill level 1 in Hexes
  2973 | D:3      | Noticed Ijyb
  2973 | D:3      | Noticed Natasha
  2977 | D:3      | Killed Natasha
  2980 | D:3      | Killed Ijyb
  3054 | D:3      | Found a bloodstained altar of Trog.
  3071 | D:3      | Found Mebrobagoe's Antique Armour Boutique.
  3081 | D:3      | Bought an embroidered robe for 92 gold pieces
  3081 | D:3      | Bought a glowing robe for 92 gold pieces
  3267 | D:3      | Reached XP level 7. HP: 41/41 MP: 13/16
  3484 | D:3      | Noticed Natasha
  3488 | D:3      | Killed Natasha
  3623 | D:3      | Noticed Natasha
  3625 | D:3      | Killed Natasha
  3753 | D:4      | Found a staircase to the Ecumenical Temple.
  3762 | Temple   | Entered the Ecumenical Temple
  3942 | Temple   | Became a worshipper of Vehumet
  4664 | D:5      | Entered Level 5 of the Dungeon
  4862 | D:5      | Reached skill level 5 in Hexes
  5124 | D:5      | Reached skill level 1 in Translocations
  5124 | D:5      | Reached XP level 8. HP: 48/48 MP: 12/17
  5126 | D:5      | Reached * piety under Vehumet
  5126 | D:5      | Offered knowledge of Freeze by Vehumet.
  5500 | D:5      | Found a shadowy altar of Dithmenos.
  5585 | D:6      | Reached skill level 5 in Fighting
  5791 | D:6      | Learned a level 2 spell: Blink
  5795 | D:6      | Learned a level 3 spell: Mephitic Cloud
  6070 | D:6      | Gained mutation: Your movements are slightly less
                  | encumbered by armour. (ER -2) [potion of mutation]
  6070 | D:6      | Gained mutation: You have sharp fingernails. [potion of
                  | mutation]
  6723 | D:6      | Reached skill level 5 in Dodging
  6762 | D:6      | Found an opulent altar of Gozag.
  7162 | D:7      | Found a burning altar of Makhleb.
  7184 | D:7      | Reached skill level 5 in Translocations
  7403 | D:7      | Reached skill level 1 in Air Magic
  7403 | D:7      | Reached skill level 1 in Poison Magic
  7403 | D:7      | Reached XP level 9. HP: 29/54 MP: 3/18
  8347 | D:8      | Noticed Grum
  8359 | D:8      | Killed Grum
  8461 | D:8      | Reached skill level 5 in Evocations
  8802 | D:8      | Noticed Gastronok
  9561 | D:9      | Reached skill level 5 in Poison Magic
  9726 | D:9      | Offered knowledge of Foxfire by Vehumet.
  9860 | D:9      | Reached ** piety under Vehumet
  9861 | D:9      | Reached skill level 5 in Air Magic
  9863 | D:9      | Reached XP level 10. HP: 49/59 MP: 12/19
 10088 | D:9      | Identified 2 scrolls of acquirement
 10088 | D:9      | Acquired 1181 gold pieces
 10375 | D:8      | Reached skill level 5 in Stealth
 10396 | D:8      | Found a shadowy altar of Dithmenos.
 10516 | D:8      | Acquired a staff of conjuration
 10523 | D:8      | Found a shimmering altar of Xom.
 10526 | D:8      | Found a white marble altar of Elyvilon.
 10682 | D:8      | Found a sacrificial altar of Ru.
 10702 | D:8      | Noticed Prince Ribbit
 10709 | D:8      | Killed Prince Ribbit
 10851 | D:8      | Killed Gastronok
 11268 | D:9      | Found Cephiul's Antique Weapon Shoppe.
 11273 | D:9      | Bought a jewelled whip for 225 gold pieces
 11273 | D:9      | Identified the +1 whip of Cogylil {flame, Fragile rElec
                  | Int+3 Dex+2} (You bought it in a shop on level 9 of the
                  | Dungeon)
 11288 | D:9      | Noticed a death yak
 11292 | D:9      | Noticed a death yak
 11296 | D:9      | Noticed a death yak
 11635 | D:9      | Killed a death yak
 11830 | D:9      | Found a staircase to the Lair.
 11837 | D:9      | Reached skill level 8 in Conjurations
 11848 | D:9      | Killed a death yak
 11849 | D:9      | Reached XP level 11. HP: 52/63 MP: 5/20
 12165 | D:9      | Killed a death yak
 12166 | D:9      | Reached skill level 1 in Armour
 12334 | D:9      | Found a glowing golden altar of the Shining One.
 12443 | Lair:1   | Entered Level 1 of the Lair of Beasts
 12509 | Lair:1   | Offered knowledge of Static Discharge by Vehumet.
 12510 | Lair:1   | Reached skill level 9 in Conjurations
 12518 | Lair:1   | Noticed Fannar
 12533 | Lair:1   | Slain by a komodo dragon

Illustrated notes

Levels and vault maps discovered:
D:1:      elethiomel_arrival_quiet, layout_basic, serial_shops, shop_coins,
          shop, nicolae_shop_statue_plus
D:2:      layout_loops_cross, minmay_close_crescents
D:3:      layout_loops_ring, lemuel_doored_altar, serial_shops, shop,
          nicolae_shop_waterfront, uniq_grinder, uniq_robin, uniq_ijyb,
          uniq_natasha
D:4:      minmay_angry_zag, layout_rooms, minmay_temple_entry_junction
D:5:      layout_basic, grunt_dithmenos_smoke_and_mirrors
D:6:      layout_cave_pods, lemuel_coloured_pillars_altar
D:7:      layout_basic, lemuel_tele_altar
D:8:      layout_loops_ring, lemuel_crystal_altar,
          grunt_temple_overflow_diamond, uniq_grum, uniq_gastronok,
          uniq_prince_ribbit1
D:9:      layout_rooms, dpeg_lair_monsters, serial_shops, kennysheep_little_box,
          kennysheep_crisscross, minivault_22, tso_altar
Temple:   eino_temple_scatter_basement
Lair:1:   layout_concentric_octagons, infiniplex_staircase_pool_2,
          grunt_megastairs_5, uniq_fannar, uniq_joseph

Skill      XL: |  1  2  3  4  5  6  7  8  9 10 11 |
---------------+----------------------------------+-----
Spellcasting   | 4 5 |  5.0
Conjurations   | 5 6 7 8 9 |  9.0
Fighting       | 1 2 3 4 5 |  5.0
Hexes          | 2 5 7 |  7.0
Translocations | 1 5 7 |  7.0
Dodging        | 5 7 |  7.0
Evocations     | 3 5 |  5.0
Air Magic      | 1 5 |  5.1
Poison Magic   | 1 5 |  5.0
Stealth        | 4 7 |  7.0
Armour         | 1 |  1.9

Action                   |  1- 3 |  4- 6 |  7- 9 | 10-12 || total
-------------------------+-------+-------+-------+-------++-------
Melee: Dagger            |       |       |    14 |       ||    14
       Staff             |       |       |       |     2 ||     2
 Fire: Hunting sling     |       |    14 |    82 |     7 ||   103
Throw: Dart              |       |       |     6 |     8 ||    14
 Cast: Magic Dart        |    39 |    23 |     4 |     7 ||    73
       Searing Ray       |     8 |    22 |    84 |    24 ||   138
       Fulminant Prism   |       |       |    23 |    18 ||    41
       Mephitic Cloud    |       |       |     4 |       ||     4
       Blink             |       |       |     1 |       ||     1
Evoke: Wand              |       |       |     4 |     9 ||    13
  Use: Potion            |       |     1 |     6 |     1 ||     8
       Scroll            |       |       |     9 |     7 ||    16
 Stab: Invisible         |       |       |     1 |       ||     1
Armor: Robe              |     1 |     3 |    31 |     7 ||    42
       Skin              |       |     6 |       |       ||     6
Dodge: Dodged            |     2 |     6 |    60 |    25 ||    93

Table legend: (Time is in decaauts)
 A = Elapsed time spent in this place.
 B = Non-inter-level travel time spent in this place.
 C = Inter-level travel time spent in this place.
 D = Time resting spent in this place.
 E = Time spent auto-exploring this place.
 F = Levels seen in this place.
 G = Mean time per level.
                   A        B        C        D        E       F      G
               +--------+--------+--------+--------+--------+-----+--------+
         Total |  12580 |  11973 |    607 |   5097 |   5506 |  11 | 1143.6 |
       Dungeon |  12298 |  11718 |    580 |   5074 |   5299 |   9 | 1366.4 |
        Temple |    190 |    164 |     26 |      0 |    163 |   1 |  190.0 |
          Lair |     91 |     91 |      0 |     23 |     44 |   1 |   91.0 |
               +--------+--------+--------+--------+--------+-----+--------+

Top non-repeatable levels by time:
     D:8: 2027 daAuts
     D:9: 1926 daAuts
     D:7: 1553 daAuts
     D:6: 1431 daAuts
     D:2: 1427 daAuts
     D:1: 1167 daAuts
     D:3: 1128 daAuts
     D:5: 860 daAuts
     D:4: 775 daAuts
  Temple: 190 daAuts
  Lair:1: 91 daAuts
